 Dungeon Sprint DCSS version 0.17-a0-2007-g96ac4c4 (webtiles) character file.

3855 Ordine the Ninja (level 9, -6/39 HPs)
             Began as a Spriggan Enchanter on Oct 9, 2015.
             Was a Believer of Dithmenos.
             Mangled by a trapdoor spider (14 damage)
             ... in the Dungeon (Sprint I: "Red Sonja").
             The game lasted 00:08:12 (1011 turns).

Ordine the Ninja (Spriggan Enchanter)               Turns: 1011, Time: 00:08:12

Health: -6/39      AC:  4    Str:  4    XL:     9   Next: 99%
Magic:  1/18       EV: 18    Int: 20    God:    Dithmenos [**....]
Gold:   248        SH:  0    Dex: 16    Spells: 3 memorised, 13 levels left

rFire  . . .     SeeInvis +     a - +2 dagger
rCold  . . .     Clarity  .     f - +2 robe {Archmagi}
rNeg   . . .     SustAt   .     (shield restricted)
rPois  .         Gourm    .     (helmet restricted)
rElec  .         Spirit   .     (no cloak)
rCorr  .         Warding  .     (gloves unavailable)
rMut   .         NoTele   +     (boots unavailable)
MR     +....                    (no amulet)
Stlth  ++++++++++               (no ring)
                                (no ring)

@: very slightly contaminated, wreathed by umbra, very quick, somewhat resistant
to hostile enchantments, uncannily stealthy
A: unfitting armour, see invisible, herbivore 3, speed 3, slow metabolism 2
a: Shadow Step, Renounce Religion


You were in the Dungeon.
You worshipped Dithmenos.
Dithmenos was pleased with you.
You were not hungry.

You visited 1 branch You collected 919 gold pieces.
You spent 671 gold pieces at shops.

Inventory:

Hand Weapons
 a - a +2 dagger (weapon)
 l - a +0 blowgun
Missiles
 o - 10 curare-tipped needles
Armour
 f - a +2 robe of the Archmagi (worn)
Wands
 k - a wand of enslavement (12)
Scrolls
 b - a scroll of vulnerability
 j - 2 scrolls of blinking
 n - 2 scrolls of remove curse
Potions
 e - 2 potions of curing
 g - a potion of haste
 h - a potion of magic
 i - 2 potions of berserk rage
Books
 c - a book of Maledictions

   Spells                             Type                      Level
   a - Corona                         Hexes                        1
   b - Ensorcelled Hibernation        Hexes/Ice                    2
   c - Confuse                        Hexes                        3
   d - Tukima's Dance                 Hexes                        3
   e - Dazzling Spray                 Conjuration/Hexes            3
Comestibles
 d - a bread ration


   Skills:
 - Level 11.0 Short Blades
 - Level 3.0 Dodging
 O Level 27 Stealth
 + Level 5.7 Spellcasting
 - Level 3.6 Hexes


You had 13 spell levels left.
You knew the following spells:

 Your Spells              Type           Power        Failure   Level  Hunger
a - Corona                Hex            ####...      2%          1    None
b - Ensorcelled Hibernat  Hex/Ice        ###...       10%         2    None
c - Confuse               Hex            ####....     10%         3    ##.....


Dungeon Overview and Level Annotations

Branches:
Dungeon (1/1)

Altars:
Cheibriados
Dithmenos
Elyvilon
Fedhas
Gozag
Kikubaaqudgha
Makhleb
Nemelex Xobeh
Okawaru
Qazlal
Ru
Sif Muna
Trog
Vehumet
Xom
Yredelemnul
Zin
The Shining One
Jiyva

Shops:
D *?[


Innate Abilities, Weirdness & Mutations

You are tiny and cannot use many weapons and most armour.
You have supernaturally acute eyesight.
You are a herbivore.
You cover ground extremely quickly.
You need consume almost no food.


Message History

Aim: a trapdoor spider (clinging, umbra, chance to defeat MR: 59%)
You feel a surge of power!
The trapdoor spider appears confused.
There is an open door here.
You see here a meat ration.
You hit the trapdoor spider but do no damage.
You hit the trapdoor spider but do no damage.
You hit the trapdoor spider.
The trapdoor spider is lightly wounded.
The trapdoor spider bites you!
* * * LOW HITPOINT WARNING * * *
You are lethally poisoned!
The trapdoor spider poisons you!
Drink which item? (? for menu, Esc to quit)
You feel better. The trapdoor spider barely misses you.
You are too injured to fight recklessly!
You are too injured to fight recklessly!
You hit the trapdoor spider.
The trapdoor spider is lightly wounded.
The trapdoor spider bites you!
You die...

###################
#<.#.[†..#.)'..#__#
#..'..#.)'..#..'..+
#..#####'#####'#__####
#..####..#...#%####..####
#..#__####..##.#§§§§)#.§#
#..#_..__##'#s@'§§§§§§.§#
#⌠⌠#_.∩...'..._#§§§.§#§.#
####_..._##_.#'##§#####'###
#_____###'#.#()%[###.§§#
############.####'###.###§#
#∩........'...'.....'[∩##.#
###++++####.).###########§#
###.### #§# #.#'#.# +$#


You could see a trapdoor spider (confused).

Vanquished Creatures
  2 centaur warriors (D)
  Sonja (D)
  A deep troll (D)
  An oklob plant (D)
  A slime creature (D)
  A yak (D)
  Sigmund (D)
  2 trapdoor spiders (D)
  A wasp (D)
  An ogre (D)
  A jelly (D)
  Ijyb (D)
  2 ballistomycetes (D)
  A giant spore (D)
17 creatures vanquished.

Vanquished Creatures (others)
  A giant spore (D)
1 creature vanquished.

Grand Total: 18 creatures vanquished

Notes
Turn   | Place    | Note
--------------------------------------------------------------
     0 | D        | Ordine the Spriggan Enchanter began the quest for the Orb.
     0 | D        | Reached XP level 1. HP: 9/9 MP: 5/5
     2 | D        | Noticed Ijyb
    15 | D        | Killed Ijyb
    15 | D        | Reached skill level 10 in Stealth
    15 | D        | Reached XP level 2. HP: 10/13 MP: 6/6
    19 | D        | Learned a level 2 spell: Ensorcelled Hibernation
   189 | D        | Noticed an ogre
   192 | D        | Killed an ogre
   192 | D        | Reached skill level 13 in Stealth
   192 | D        | Reached XP level 3. HP: 16/16 MP: 8/8
   192 | D        | Reached XP level 4. HP: 21/21 MP: 9/9
   197 | D        | Learned a level 3 spell: Confuse
   208 | D        | Noticed Sigmund
   211 | D        | Killed Sigmund
   211 | D        | Reached skill level 17 in Stealth
   211 | D        | Reached XP level 5. HP: 24/24 MP: 10/10
   225 | D        | Found a snail-covered altar of Cheibriados.
   225 | D        | Found a viscous altar of Jiyva.
   225 | D        | Found a shadowy altar of Dithmenos.
   225 | D        | Found a blossoming altar of Fedhas.
   225 | D        | Noticed a slime creature
   228 | D        | Killed a slime creature
   228 | D        | Reached skill level 20 in Stealth
   228 | D        | Reached XP level 6. HP: 28/28 MP: 11/11
   231 | D        | Became a worshipper of Dithmenos the Shadowed
   236 | D        | Found a deep blue altar of Sif Muna.
   237 | D        | Noticed a jelly
   238 | D        | Found a radiant altar of Vehumet.
   242 | D        | Killed a jelly
   248 | D        | Noticed a centaur warrior
   248 | D        | Noticed a centaur warrior
   278 | D        | Found Mairabuv's Magic Scroll Emporium.
   278 | D        | Found a white marble altar of Elyvilon.
   278 | D        | Found a stormy altar of Qazlal.
   278 | D        | Found a burning altar of Makhleb.
   278 | D        | Found a sacrificial altar of Ru.
   278 | D        | Found a basalt altar of Yredelemnul.
   278 | D        | Found a glowing golden altar of the Shining One.
   278 | D        | Found a sparkling altar of Nemelex Xobeh.
   278 | D        | Found a shimmering altar of Xom.
   278 | D        | Found an opulent altar of Gozag.
   278 | D        | Found an ancient bone altar of Kikubaaqudgha.
   278 | D        | Found a glowing silver altar of Zin.
   278 | D        | Noticed a yak
   279 | D        | Found an iron altar of Okawaru.
   280 | D        | Killed a yak
   280 | D        | Reached skill level 21 in Stealth
   280 | D        | Reached XP level 7. HP: 32/32 MP: 12/12
   281 | D        | Found a bloodstained altar of Trog.
   285 | D        | Bought a scroll of enchant weapon for 82 gold pieces
   285 | D        | Bought a scroll of identify for 22 gold pieces
   285 | D        | Bought a scroll of identify for 22 gold pieces
   285 | D        | Bought a scroll of remove curse for 33 gold pieces
   285 | D        | Bought a scroll of identify for 22 gold pieces
   301 | D        | Noticed Sonja
   305 | D        | Killed Sonja
   305 | D        | Reached skill level 24 in Stealth
   305 | D        | Reached XP level 8. HP: 36/36 MP: 13/13
   321 | D        | Noticed a deep troll
   367 | D        | Killed a deep troll
   367 | D        | Reached skill level 25 in Stealth
   429 | D        | Found Zedgh's Armour Emporium.
   451 | D        | Found Qysorept's General Store.
   880 | D        | Bought a +2 robe of the Archmagi for 490 gold pieces
   914 | D        | Killed a centaur warrior
   914 | D        | Reached skill level 27 in Stealth
   914 | D        | Reached XP level 9. HP: 39/39 MP: 14/14
   922 | D        | Killed a centaur warrior
   922 | D        | Acquired Dithmenos's first power
   941 | D        | Noticed a wasp
   944 | D        | Killed a wasp
   955 | D        | Noticed an oklob plant
   957 | D        | Killed an oklob plant
   964 | D        | Noticed a trapdoor spider
   965 | D        | Noticed a trapdoor spider
   967 | D        | Killed a trapdoor spider
   971 | D        | Noticed a trapdoor spider
   972 | D        | Noticed a trapdoor spider
   978 | D        | Killed a trapdoor spider
   978 | D        | Reached skill level 5 in Spellcasting
  1011 | D        | Mangled by a trapdoor spider

Vault maps used:
D:        dungeon_sprint_1

Action                   |  1- 3 |  4- 6 |  7- 9 || total
-------------------------+-------+-------+-------++-------
Melee: Dagger            |    12 |     4 |    44 ||    60
 Cast: Ensorcelled Hiber |       |       |     7 ||     7
       Confuse           |       |       |     7 ||     7
  Use: Scroll            |       |       |     4 ||     4
       Potion            |       |       |     3 ||     3
 Stab: Sleeping          |     2 |     4 |     5 ||    11
       Confused          |       |       |     4 ||     4
